Get step-by-step instructions on how to execute this build order below. Start the game timer, and the build order will tick by so you can play in parallel with StarCraft on a second screen or mobile device.

Game Time

  0:00

Last Step

  N/A

Next Step

Upcoming Step



Don't want to look back and forth between 2 screens? Try out our Overwolf App, the Spawning Tool Build Advisor to get an in-game overlay with this build!

Complete Build Order

  12  0:02  SCV  
  13  1:22  SCV  
  14  2:11  SCV  
  14  2:44  SCV  
  14  3:07  SCV  
  15  3:32  Supply Depot  
  15  3:53  Refinery  
  15  3:54  SCV  
  16  3:58  Barracks